 Dungeon Crawl Stone Soup version 0.31-a0-675-g238779eb0a (webtiles) character file.

Game seed: 15640984739027995591

331 Xavori the Sneak (level 6, -2/38 HPs)
             Began as an Octopode Chaos Knight on Sept 5, 2023.
             Was a Plaything of Xom.
             Splashed by a jelly's acid (3 damage)
             ... on level 4 of the Dungeon.
             The game lasted 00:04:52 (10919 turns).

Xavori the Sneak (Octopode Chaos Knight)           Turns: 10919, Time: 00:04:52

Health: -2/38      AC: -9    Str:  9    XL:     6   Next: 51%
Magic:  6/6        EV: 11    Int: 23    God:    Xom [*.....]
Gold:   86         SH:  8    Dex: 17    Spells: 5/5 levels left

rFire   . . .        i - +2 dagger (venom)
rCold   . . .        o - +0 kite shield
rNeg    . . .        (helmet restricted)
rPois   .            (no amulet)
rElec   +            h - +6 ring of dexterity
rCorr   .            (no ring)
SInv    .            (no ring)
Will    +....        (no ring)
Stlth   ++++         (no ring)
HPRegen 0.26/turn    (no ring)
MPRegen 0.10/turn    (no ring)
                     (no ring)

%: no passive effects
@: corroded
A: almost no armour, amphibious, 8 rings, camouflage 1, gelatinous body 1,
(nimble swimmer 1), tentacles, tentacle spike 1, iridescent scales 1, clever 2,
frail 1, strong-willed 1, mutation resistance 1, electricity resistance
a: Renounce Religion


You were on level 4 of the Dungeon.
You worshipped Xom.
You were a special plaything of Xom.
You visited 1 branch of the dungeon, and saw 4 of its levels.

You collected 86 gold pieces.

Inventory:

Hand Weapons
 a - a +1 short sword of chaos
 i - a +2 dagger of venom (weapon)
Armour
 o - a +0 kite shield (worn)
Jewellery
 h - a +6 ring of dexterity (left tentacle)
Talismans
 p - a maw talisman
Wands
 q - a wand of mindburst (11)
Scrolls
 b - a scroll of butterflies
 c - 2 scrolls of enchant weapon
 d - a scroll of brand weapon {unknown}
 e - 4 scrolls of identify {unknown}
Potions
 f - 2 potions of heal wounds
 g - a potion of ambrosia {unknown}
 j - 2 potions of attraction
 k - a potion of degeneration {unknown}
 l - a potion of haste
 m - a potion of brilliance {unknown}
 n - 2 potions of curing {unknown}


   Skills:
 + Level 3.7 Fighting
 + Level 4.3 Short Blades
 + Level 3.3 Dodging
 + Level 5.3 Stealth
 * Level 1.2 Shields
 * Level 1.0 Shapeshifting


You had 5 spell levels left.
You didn't know any spells.
Your spell library contained the following spells:

 Spells                   Type           Power      Damage    Failure   Level
 Summon Guardian Golem    Hex/Summ       0%         N/A       95%         3
 Silence                  Hex/Air        0%         N/A       100%        5
 Conjure Ball Lightning   Conj/Air       0%         3x3d6     100%        6
 Plasma Beam              Fire/Air       0%         2x1d10    100%        6


Dungeon Overview and Level Annotations

Branches:
Dungeon (4/15)
 Temple: D:4-7

Altars:
Fedhas
Xom


Innate Abilities, Weirdness & Mutations

You cannot wear most types of armour.
You are amphibious.
You can wear up to eight rings at the same time.
Your skin changes colour to match your surroundings (Stealth+).
Your rubbery body absorbs attacks. (AC +1, EV +1)
((You are camouflaged when in or above water. (Stealth+)))
You have tentacles for arms and can constrict up to eight enemies at once.
One of your tentacles bears a spike.
You are partially covered in iridescent scales. (AC +2)
Your mind is very acute. (Int +8, Str/Dex -2)
You are frail. (-10% HP)
You are strong-willed. (Will+)
You are somewhat resistant to further mutation.
You are resistant to electric shocks. (rElec)


Message History

A giant cockroach is nearby!
Found a rapier.
The helpless giant cockroach fails to defend itself.
You skewer the giant cockroach like a kebab!!!
You kill the giant cockroach!
A jelly comes into view.
A jelly is nearby!
A jelly is nearby!
The jelly quivers.
A jelly is nearby!
Found a small bone ring.
You block the jelly's attack.
A jelly is nearby!
You hit the jelly.
Your tentacles burn!
You pierce the jelly, but do no damage.
The jelly is lightly wounded.
You block the jelly's attack.
You hit the jelly. The acid corrodes you!
Your tentacles burn!
The jelly is moderately wounded.
The jelly barely misses you.
You hit the jelly.
Your tentacles burn!
You pierce the jelly.
The jelly is heavily wounded.
The jelly completely misses you.
You hit the jelly. The acid corrodes you!
Your tentacles burn!
You pierce the jelly, but do no damage.
You tentacle-slap the jelly, but do no damage.
The jelly is severely wounded.
You block the jelly's attack.
You hit the jelly but do no damage.
Your tentacles burn!
Your tentacle-slap misses the jelly.
The jelly is severely wounded.
The jelly hits you. The acid corrodes you!
You are splashed with acid!
You are too injured to fight recklessly!
The jelly attacks as it pursues you! The jelly barely misses you.
Your gnoll zombie hits the jelly.
Your gnoll zombie is burned by acid!
The jelly attacks as it pursues you! The jelly hits you. The acid corrodes you!
You are splashed with acid!
* * * LOW HITPOINT WARNING * * *
You hit the jelly but do no damage.
Your tentacles burn!
You die...
Xom is highly amused!

......#.....##........
......###..#...........=#
......###>###...........
#.##..##...............#
.............##.)...# .#
.......##...........#..#
####.........#......#..#
##...........##...Z...###
###..........##.@J......#
#..............##.....##
##..##......#......#.##
#.###......###...#### ##
#.....### ##..# ##.....#
#### ##....# #....#
##..##


You could see a jelly (ally target) and a friendly gnoll zombie.

Vanquished Creatures
  Crazy Yiuf (D:3)
  A sleepcap (D:3)
  An orc wizard (D:4)
  Robin (D:4)
  7 adders
  7 gnolls
  4 dart slugs
  4 orcs (D:4)
  7 bats
  6 endoplasms
  3 giant cockroaches
  23 goblins
  6 hobgoblins
  5 kobolds
  4 quokkas
  12 ball pythons
  4 frilled lizards
  5 rats
101 creatures vanquished.

Notes
Turn   | Place    | Note
-------+----------+-------------------------------------------
     0 | D:1      | Xavori the Octopode Chaos Knight began the quest for the
                  | Orb.
     0 | D:1      | Reached XP level 1. HP: 16/16 MP: 1/1
    52 | D:1      | XOM: potion effect (might)
   125 | D:1      | Reached XP level 2. HP: 19/21 MP: 2/2
   232 | D:1      | XOM: draining
   819 | D:1      | XOM: god gift: 2 scrolls labelled RUOFIWK TOPLEE {god gift}
   928 | D:1      | XOM: cloud trail
  1038 | D:1      | XOM: torment (10/18 hp)
  2094 | D:1      | XOM is BORED!
  2094 | D:1      | XOM: summons 2 hostile demons
  2128 | D:2      | XOM: cloud trail
  2793 | D:1      | XOM: god gift: 5 atropa-tipped darts
  2983 | D:1      | XOM is BORED!
  2983 | D:1      | XOM: stat loss: -3 Dex (8/11)
  3228 | D:1      | XOM: cloud trail
  3518 | D:1      | XOM: cloud trail
  3718 | D:1      | XOM is BORED!
  3853 | D:1      | XOM: give mutation
  3853 | D:1      | Gained mutation: You are covered in fur. (AC +1) [Xom's
                  | grace]
  3961 | D:1      | XOM: give mutations
  3961 | D:1      | Gained mutation: Your mind is acute. (Int +4, Str/Dex -1)
                  | [Xom's grace]
  3961 | D:1      | Gained mutation: You are somewhat resistant to further
                  | mutation. [Xom's grace]
  3961 | D:1      | Gained mutation: Your muscles are strong. (Str +4, Int/Dex
                  | -1) [Xom's grace]
  3961 | D:1      | Gained mutation: You are resistant to electric shocks.
                  | (rElec) [Xom's grace]
  3985 | D:1      | XOM: draining
  4040 | D:1      | XOM: noise
  5197 | D:1      | XOM: cloud trail
  5415 | D:1      | XOM: silly message
  5541 | D:1      | XOM is BORED!
  5541 | D:1      | XOM: noise
  5708 | D:1      | XOM: cloud trail
  6461 | D:1      | XOM: silly message
  6825 | D:1      | XOM: god gift: great mace {god gift}
  6875 | D:1      | XOM: summons 2 hostile demons
  6876 | D:1      | Noticed a crimson imp
  6876 | D:1      | Noticed a crimson imp
  7400 | D:1      | XOM is BORED!
  7400 | D:1      | XOM: give mutations
  7400 | D:1      | Lost mutation: Your muscles are strong. (Str +4, Int/Dex
                  | -1) [Xom's mischief]
  7400 | D:1      | Gained mutation: Your mind is very acute. (Int +8, Str/Dex
                  | -2) [Xom's mischief]
  7400 | D:1      | Gained mutation: You are covered in thick fur. (AC +2)
                  | [Xom's mischief]
  7400 | D:1      | Lost mutation: You are covered in thick fur. (AC +2) [Xom's
                  | mischief]
  7849 | D:1      | XOM: give mutations
  7849 | D:1      | Lost mutation: You are covered in fur. (AC +1) [Xom's
                  | mischief]
  7849 | D:1      | Gained mutation: You are strong-willed. (Will+) [Xom's
                  | mischief]
  7849 | D:1      | Gained mutation: You are partially covered in iridescent
                  | scales. (AC +2) [Xom's mischief]
  8185 | D:2      | Reached XP level 3. HP: 19/20 MP: 3/3
  8199 | D:2      | Got Iriekosowan's Almanac of Conduction and the Commander
  8269 | D:2      | Reached skill level 1 in Stealth
  8337 | D:2      | Found a shimmering altar of Xom.
  8447 | D:2      | XOM: draining
  8448 | D:2      | Reached skill level 2 in Stealth
  8524 | D:2      | XOM: draining
  8582 | D:2      | Reached XP level 4. HP: 15/21 MP: 4/4
  8606 | D:2      | XOM: give mutations
  8606 | D:2      | Gained mutation: One of your tentacles bears a spike.
                  | [Xom's mischief]
  8606 | D:2      | Gained mutation: You are frail. (-10% HP) [Xom's mischief]
  8763 | D:2      | XOM: 6-stop teleportation journey
  8824 | D:2      | Reached skill level 3 in Stealth
  9073 | D:2      | XOM: polymorph quokka -> ball python
  9086 | D:2      | Found a faded altar of an unknown god.
  9329 | D:3      | XOM: cloud trail
  9479 | D:3      | Found a blossoming altar of Fedhas.
  9543 | D:3      | Reached XP level 5. HP: 28/29 MP: 5/5
  9663 | D:3      | Reached skill level 4 in Stealth
  9693 | D:3      | Found a runed translucent door.
  9694 | D:3      | Noticed Crazy Yiuf
  9978 | D:3      | Killed Crazy Yiuf
 10142 | D:4      | XOM: scenery: create altars
 10249 | D:4      | Reached skill level 5 in Stealth
 10249 | D:4      | Reached XP level 6. HP: 25/38 MP: 6/6
 10251 | D:4      | Noticed Robin
 10346 | D:3      | HP: 1/38 [poisoned by a goblin]
 10406 | D:4      | Killed Robin
 10445 | D:3      | XOM: chaos upgrade
 10548 | D:4      | Reached skill level 1 in Shields
 10703 | D:4      | Reached skill level 1 in Shapeshifting
 10819 | D:4      | XOM: silly message
 10918 | D:4      | HP: 1/38 [acid (11)]
 10919 | D:4      | Splashed by a jelly's acid

Illustrated notes

Levels and vault maps discovered:
D:1:      minmay_arrival_wavy_path, layout_basic, serial_curves, eino_curves_02,
          eino_curves_04
D:2:      layout_loops_corners, basic_altar,
          shapermc_ecumenical_altar_hornbeckon, kennysheep_big_empty_room,
          nicolae_hexahallways, glass_columns_b
D:3:      layout_basic, fedhas_ov_isle_minmay, uniq_crazy_yiuf_cottage
D:4:      layout_cave_pools, uniq_robin

Skill      XL: |  1  2  3  4  5  6 |
---------------+-------------------+-----
Stealth        | 2 3 5 |  5.3
Dodging        | 3 |  3.3
Short Blades   | 4 |  4.3
Shields        | 1 |  1.2
Shapeshifting  | 1 |  1.0
Fighting       | |  3.7

Action                     |  1- 3 |  4- 6 || total
---------------------------+-------+-------++-------
  Melee: Short sword       |    63 |   109 ||   172
         Constrict         |    10 |    30 ||    40
         Tentacles         |     8 |    25 ||    33
         Punch             |     3 |     2 ||     5
         Kick              |       |    43 ||    43
         Dagger            |       |    15 ||    15
  Evoke: Wand              |       |     1 ||     1
    Use: Scroll            |     1 |     2 ||     3
         Potion            |       |     4 ||     4
   Stab: Sleeping          |     7 |    17 ||    24
         Distracted        |       |     1 ||     1
 Armour: Skin              |    31 |    54 ||    85
  Dodge: Dodged            |    30 |    73 ||   103
  Block: Kite shield       |       |    37 ||    37

Table legend: (Time is in decaauts)
 A = Elapsed time spent in this place.
 B = Non-inter-level travel time spent in this place.
 C = Inter-level travel time spent in this place.
 D = Time resting spent in this place.
 E = Time spent auto-exploring this place.
 F = Levels seen in this place.
 G = Mean time per level.
                   A        B        C        D        E       F      G
               +--------+--------+--------+--------+--------+-----+--------+
         Total |  10887 |  10817 |     70 |   7686 |   2447 |   4 | 2721.8 |
       Dungeon |  10887 |  10817 |     70 |   7686 |   2447 |   4 | 2721.8 |
               +--------+--------+--------+--------+--------+-----+--------+

Top non-repeatable levels by time:
     D:1: 7823 daAuts
     D:2: 1433 daAuts
     D:3: 974 daAuts
     D:4: 656 daAuts
